 Dungeon Crawl Stone Soup version 0.29.0-7-g18a832c13a (webtiles) character file.

Game seed: 13377280744065626367

338 Regnix the Covert (level 6, -2/38 HPs)
             Began as a Kobold Delver on Aug 31, 2022.
             Slain by a gnoll
             ... wielding a +0 flail
              (9 damage)
             ... on level 4 of the Dungeon.
             The game lasted 00:17:10 (3997 turns).

Regnix the Covert (Kobold Delver)                   Turns: 3997, Time: 00:17:12

Health: -2/38      AC:  4    Str:  9    XL:     6   Next: 85%
Magic:  8/8        EV: 15    Int: 12    God:
Gold:   152        SH:  0    Dex: 18    Spells: 3/8 levels left

rFire   . . .      SeeInvis .   a - +0 short sword
rCold   . . .      Faith    .   (no shield)
rNeg    . . .      Spirit   .   b - +0 leather armour
rPois   .          Reflect  .   (no helmet)
rElec   .          Harm     .   p - +0 cloak
rCorr   .          Rampage  .   (no gloves)
Will    +....                   (no boots)
Stlth   +++++.....              (no amulet)
HPRegen 0.12/turn               r - ring of willpower
MPRegen 0.11/turn               (no ring)

@: no status effects
A: small, no large weapons, nightstalker 3
a: no special abilities


You were on level 4 of the Dungeon.
You visited 1 branch of the dungeon, and saw 5 of its levels.

You collected 152 gold pieces.

Inventory:

Hand Weapons
 a - a +0 short sword (weapon)
Missiles
 l - 5 atropa-tipped darts (quivered)
 s - a throwing net
Armour
 b - a +0 leather armour (worn)
 p - a +0 cloak (worn)
Jewellery
 r - a ring of willpower (left hand)
Wands
 g - a wand of charming (12)
Scrolls
 c - a scroll of fog
 d - a scroll of noise {unknown}
 e - a scroll of fear
 h - 5 scrolls of identify {unknown}
 i - a scroll of magic mapping
 j - 3 scrolls of teleportation {unknown}
 k - a scroll of silence {unknown}
 m - a scroll of enchant armour {unknown}
 o - a scroll of immolation {unknown}
Potions
 f - a potion of haste
 n - a potion of ambrosia {unknown}
 q - a potion of heal wounds


   Skills:
 + Level 3.9 Fighting
 + Level 3.8 Short Blades
 + Level 0.3 Throwing
 + Level 1.8 Armour
 + Level 3.2 Dodging
 + Level 8.8 Stealth
 * Level 1.7 Spellcasting
 * Level 1.1 Hexes
 + Level 0.2 Evocations


You had 3 spell levels left.
You knew the following spells:

 Your Spells              Type           Power      Damage    Failure   Level
a - Ensorcelled Hibernat  Hex/Ice        4%         N/A       41%         2
b - Portal Projectile     Hex/Tloc       4%         N/A       65%         3

Your spell library contained the following spells:

 Spells                   Type           Power      Damage    Failure   Level
 Sublimation of Blood     Necr           1%         N/A       50%         2
 Wereblood                Tmut           1%         N/A       50%         2
 Call Canine Familiar     Summ           1%         N/A       75%         3
 Spider Form              Tmut/Pois      1%         N/A       75%         3
 Anguish                  Hex/Necr       1%         N/A       96%         4
 Leda's Liquefaction      Hex/Erth       1%         N/A       96%         4
 Airstrike                Air            0%         2d(1-17)  98%         4
 Summon Lightning Spire   Summ/Air       1%         N/A       98%         4
 Lightning Bolt           Conj/Air       0%         1d11      100%        5
 Summon Hydra             Summ           0%         N/A       100%        7


Dungeon Overview and Level Annotations

Branches:
Dungeon (5/15)
 Temple: D:4-7

Altars:
Ru
Trog


Innate Abilities, Weirdness & Mutations

You are small and have problems with some larger weapons.
You are completely attuned to the shadows.


Message History

You kill the iguana!
No target in view!
You see here an iguana corpse.
A dart slug comes into view.
Found a stone staircase leading down.
The helpless dart slug fails to defend itself.
You impale the dart slug!!
You kill the dart slug!
You see here a dart slug corpse.
There is a stone staircase leading down here. 2 gnolls come into view.
A gnoll comes into view. It is wielding a +0 flail.
The gnoll shouts!
The gnoll hits you from afar with a +0 spear.
You barely miss the gnoll. The gnoll misses you.
The gnoll hits you from afar with a +0 spear.
You barely miss the gnoll. The gnoll hits you with a +0 club.
The gnoll closely misses you. The gnoll hits you with a +0 flail.
The gnoll attacks as you move away! The gnoll closely misses you.
The gnoll attacks as you move away! The gnoll barely misses you.
You hit the gnoll.
The gnoll is moderately wounded.
The gnoll closely misses you.
You completely miss the gnoll. You punch the gnoll, but do no damage.
The gnoll is moderately wounded.
You closely miss the gnoll.
The gnoll is moderately wounded.
The gnoll barely misses you.
You hit the gnoll but do no damage.
The gnoll is moderately wounded.
You hit the gnoll but do no damage.
The gnoll is moderately wounded.
The gnoll hits you with a +0 club. The gnoll closely misses you.
You hit the gnoll.
The gnoll is heavily wounded.
The gnoll hits you with a +0 club!
The gnoll hits you from afar with a +0 spear!
* * * LOW HITPOINT WARNING * * *
The gnoll hits you with a +0 flail!
You die...

.......#####.#.#
.......#####†#.###
.................#
.......####.##.#.#
.......# #.##.#.#
.##.##.# #.#†.#.#
.##.##.# #.#.##.#
.##.##.# #.#.##g#
)).....####...gg@#
##.........†...####
##########
#.###)########.g..#
#........# .# ##.#
#..+#######+.....# .#
#.#
#...#...#...#.....####
.## ##.#
#....#.†.#.).#.........
#.###.##
#.....#.......#.....###.
##...##
##....###._.#######.###.
#...#
#...#.......#.....##..


You could see 3 gnolls.

Vanquished Creatures
  A hound (D:3)
  Terence (D:2)
  3 iguanas
  Natasha (twice) (D:2)
  An adder (D:2)
  6 gnolls
  A worm (D:3)
  3 dart slugs
  4 orcs
  5 bats
  8 endoplasms
  2 giant cockroaches (D:1)
  8 goblins
  7 hobgoblins
  6 kobolds
  3 quokkas
  6 ball pythons
  2 frilled lizards
69 creatures vanquished.

Vanquished Creatures (collateral kills)
  A hound (D:3)
1 creature vanquished.

Vanquished Creatures (others)
  A wizard (D:3)
1 creature vanquished.

Grand Total: 71 creatures vanquished

Notes
Turn   | Place    | Note
-------+----------+-------------------------------------------
     0 | D:5      | Regnix the Kobold Delver began the quest for the Orb.
     0 | D:5      | Reached XP level 1. HP: 14/14 MP: 1/1
   123 | D:4      | Found a sacrificial altar of Ru.
   145 | D:4      | Noticed an iguana
   201 | D:4      | Noticed a hound
   324 | D:3      | Reached skill level 7 in Stealth
   351 | D:1      | Reached XP level 2. HP: 18/19 MP: 2/2
   521 | D:1      | Reached XP level 3. HP: 23/23 MP: 3/3
  1446 | D:2      | Reached XP level 4. HP: 28/28 MP: 4/4
  1613 | D:2      | Learned a level 2 spell: Ensorcelled Hibernation
  1614 | D:2      | Noticed Natasha
  1615 | D:2      | Found a faded altar of an unknown god.
  1618 | D:2      | Killed Natasha
  1619 | D:2      | Reached skill level 8 in Stealth
  1622 | D:2      | Noticed Terence
  1626 | D:2      | Killed Terence
  1627 | D:2      | Reached XP level 5. HP: 32/32 MP: 4/6
  1674 | D:2      | Reached skill level 1 in Spellcasting
  2445 | D:2      | Noticed Natasha
  2474 | D:2      | Killed Natasha
  2475 | D:2      | Reached skill level 1 in Armour
  2934 | D:3      | Found a bloodstained altar of Trog.
  2937 | D:3      | Noticed a wizard
  2950 | D:3      | Killed a wizard
  3300 | D:3      | Reached XP level 6. HP: 28/38 MP: 8/8
  3599 | D:4      | Reached skill level 1 in Hexes
  3603 | D:4      | Learned a level 3 spell: Portal Projectile
  3997 | D:4      | Slain by a gnoll

Illustrated notes

Levels and vault maps discovered:
D:1:      psy_arrival_heroes, layout_rooms, lemuel_another_geyser
D:2:      layout_loops_corners, hellmonk_ecumenical_altar_run_dry, uniq_natasha,
          uniq_terence
D:3:      layout_loops_ring, trog_wizard, cheibrodos_gnoll_hut
D:4:      layout_loops_cross, nicolae_ru_great_annihilating_truth
D:5:      layout_rooms, kennysheep_mini_moat, minmay_temple_entry_slanted,
          minivault_5, hangedman_decor_riveting, uniq_ijyb

Skill      XL: |  1  2  3  4  5  6 |
---------------+-------------------+-----
Stealth        | 7 8 |  8.8
Short Blades   | 3 |  3.8
Spellcasting   | 1 |  1.7
Armour         | 1 |  1.8
Dodging        | 3 |  3.2
Hexes          | 1 |  1.1
Fighting       | |  3.9
Throwing       | |  0.3
Evocations     | |  0.2

Action                   |  1- 3 |  4- 6 || total
-------------------------+-------+-------++-------
Melee: Short sword       |    62 |   128 ||   190
       Punch             |       |     1 ||     1
Throw: Dart              |       |     6 ||     6
Evoke: Wand              |     3 |     2 ||     5
  Use: Scroll            |     1 |       ||     1
       Potion            |       |     4 ||     4
 Stab: Sleeping          |    16 |    23 ||    39
       Distracted        |       |     2 ||     2
Armor: Leather armour    |     9 |    11 ||    20
Dodge: Dodged            |    29 |    79 ||   108
